 Dungeon Crawl Stone Soup version 0.29-a0-364-g921d912d32 (webtiles) character file.

Game seed: 12477204270613491860

968 frimble the Skirmisher (level 8, -1/64 HPs)
             Began as a Djinni Warper on May 1, 2022.
             Slain by a steam dragon (5 damage)
             ... on level 6 of the Dungeon.
             The game lasted 00:14:29 (7144 turns).

frimble the Skirmisher (Djinni Warper)              Turns: 7144, Time: 00:14:29

Health: -1/64      AC:  4    Str:  9 (12) XL:     8   Next: 38%
Gold:   326        EV: 11    Int: 16 (17) God:
                   SH:  0    Dex: 14 (15)

rFire   + + .      SeeInvis +   i - +1 dagger (freeze)
rCold   x . .      Faith    .   (no shield)
rNeg    . . .      Spirit   .   b - +0 leather armour
rPois   ∞          Reflect  .   (no helmet)
rElec   .          Harm     .   h - +0 cloak
rCorr   +          Rampage  .   (no gloves)
Will    +....                   (boots unavailable)
Stlth   +.........              a - amulet of the acrobat
HPRegen 0.20/turn               f - ring of see invisible
MPRegen 0.00/turn               m - ring of resist corrosion

@: on blink cooldown, flying, studying Fighting
A: sickness immunity, fire resistance 2, cold vulnerability 1, float, innate
caster, HP casting, extra vitality 1, agile 1, clever 1, strong-willed 1
a: no special abilities


You were on level 6 of the Dungeon.
You visited 1 branch of the dungeon, and saw 7 of its levels.

You collected 326 gold pieces.

Inventory:

Hand Weapons
 i - a +1 dagger of freezing (weapon)
Missiles
 d - 6 boomerangs of dispersal
Armour
 b - a +0 leather armour (worn)
 h - a +0 cloak (worn)
 k - a +1 chain mail of cold resistance
Jewellery
 a - an amulet of the acrobat (around neck)
 f - a ring of see invisible (left hand)
 m - a ring of resist corrosion (right hand)
Scrolls
 c - a scroll of blinking
 g - a scroll of magic mapping


   Skills:
 + Level 7.5 Fighting
 + Level 5.1 Short Blades
 - Level 0.7 Throwing
 - Level 1.0 Armour
 - Level 2.1 Dodging
 + Level 4.6 Spellcasting


You couldn't memorise any spells.
You knew the following spells:

 Your Spells              Type           Power      Damage    Failure   Level
a - Blink                 Tloc           36%        N/A       4%          2
b - Lesser Beckoning      Tloc           18%        N/A       10%         3
c - Gell's Gravitas       Tloc           18%        N/A       10%         3
d - Teleport Other        Tloc           18%        N/A       10%         3
e - Manifold Assault      Tloc           18%        N/A       65%         5
f - Magic Dart            Conj           72%        1d6       3%          1
g - Static Discharge      Conj/Air       18%        N/A       4%          2
h - Wereblood             Tmut           18%        N/A       4%          2
Your spell library was empty.

Dungeon Overview and Level Annotations

Branches:
Dungeon (7/15)
 Temple: D:4-7

Altars:
Sif Muna

Shops:
D:3 :   D:6 =

Annotations:
D:2 digg
D:3 2 transporters, NateTC's ghost, weakling DrBe
D:6 3 runed translucent doors, kevlar127's ghost, novice TrBe


Innate Abilities, Weirdness & Mutations

You are immune to sickness and miasma.
You are immune to poison.
Your flesh is very heat resistant. (rF++)
You are vulnerable to cold. (rC-)
You float through the air rather than walking.
You learn spells naturally, not from books.
Your magical power is your life essence.
You have superior vitality. (+4 MHP)
You are agile. (Dex +2)
Your mind is acute. (Int +2)
You are strong-willed. (Will+)


Message History

Something shouts, "Flee, thou unctious folly-fallen flirt-gill!"
You hit the steam dragon but do no damage.
The steam dragon is severely wounded.
The steam dragon breathes steam at you. The ball of steam hits you. You resist.
* * * LOW HITPOINT WARNING * * *
Aiming: Magic Dart (safe; 3% risk of failure)
Press: ? - help, Q - select action, (/) - cycle Shift-Dir - straight line, f/p - steam dragon
Aim: a steam dragon (steam, severely wounded, catching its breath, 100% to hit)
The magic dart hits the steam dragon but does no damage.
The steam dragon is severely wounded.
* * * LOW HITPOINT WARNING * * *
The steam dragon completely misses you.
The steam dragon claws you but does no damage.
You aren't carrying any potions.
You closely miss the steam dragon.
The steam dragon is severely wounded.
You closely miss the steam dragon.
The steam dragon is severely wounded.
The steam dragon bites you but does no damage.
The steam dragon claws you.
* * * LOW HITPOINT WARNING * * *
You aren't carrying any potions.
Unknown command.
Unknown command.
Casting: Magic Dart (safe; 3% risk of failure)
Confirm with . or Enter, or press ? or * to list all spells.
You blink.
* * * LOW HITPOINT WARNING * * *
You hit the steam dragon but do no damage.
The steam dragon is severely wounded.
The steam dragon breathes steam at you. The ball of steam hits you. You resist.
* * * LOW HITPOINT WARNING * * *
You hit the steam dragon but do no damage.
The steam dragon is severely wounded.
The steam dragon bites you.
* * * LOW HITPOINT WARNING * * *
The steam dragon claws you.
You die...

### #########<###
#...........#
#.######..#.#################
#.#>.........................
#.#.####....§#########.......
#...........@#########.......
###........D§'†.........#####
###.....§..#########..#Wh..
##.###§.§# #..#D..# #.# #...#
#..+F.#. #.....### #..+....
#....# #..+..#. #....#
#..#...# #..>§# #..#..:.


You could see a steam dragon (catching breath).

Vanquished Creatures
  Grinder (D:3)
  Sigmund (D:3)
  A centaur (D:6)
  3 bullfrogs (D:6)
  A scorpion (D:5)
  A hound (D:6)
  2 orc priests
  An orc wizard (D:3)
  5 gnolls
  4 adders
  A white imp (D:5)
  A worm (D:3)
  2 dart slugs
  6 orcs
  3 endoplasms
  3 giant cockroaches
  7 goblins
  7 hobgoblins
  3 jackals (D:1)
  3 quokkas
  4 ball pythons
  2 bats
  3 frilled lizards
  2 kobolds (D:2)
  6 rats
73 creatures vanquished.

Vanquished Creatures (others)
  4 plants (D:1)
4 creatures vanquished.

Grand Total: 77 creatures vanquished

Notes
Turn   | Place    | Note
-------+----------+-------------------------------------------
     0 | D:1      | frimble the Djinni Warper began the quest for the Orb.
     0 | D:1      | Reached XP level 1. HP: 18/18 MP: 0/0
   193 | D:1      | Reached XP level 2. HP: 22/23 MP: 0/0
   587 | D:1      | You are sucked into a shaft and drop 1 floor!
   710 | D:2      | Identified a scroll of acquirement
   710 | D:2      | Acquired a manual of Fighting
   758 | D:1      | Reached XP level 3. HP: 21/29 MP: 0/0
   758 | D:1      | Learned a level 1 spell: Magic Dart
  2520 | D:2      | Found a faded altar of an unknown god.
  2612 | D:3      | Noticed Sigmund
  2693 | D:3      | Reached skill level 3 in Fighting
  2695 | D:3      | Killed Sigmund
  2696 | D:3      | Reached skill level 4 in Fighting
  2696 | D:3      | Reached XP level 4. HP: 9/38 MP: 0/0
  2696 | D:3      | Reached XP level 5. HP: 10/42 MP: 0/0
  2696 | D:3      | Learned a level 2 spell: Static Discharge
  2696 | D:3      | Reached XP level 6. HP: 11/48 MP: 0/0
  3066 | D:3      | Noticed Grinder
  3077 | D:3      | Killed Grinder
  3078 | D:3      | Reached skill level 5 in Fighting
  3078 | D:3      | Reached XP level 7. HP: 55/55 MP: 0/0
  3078 | D:3      | Learned a level 2 spell: Wereblood
  3232 | D:3      | Found a transporter.
  3232 | D:3      | Noticed NateTC's ghost (weakling DrBe)
  3262 | D:3      | Found a transporter.
  3833 | D:3      | Found Efeol's Book Emporium.
  4054 | D:3      | Reached skill level 6 in Fighting
  4378 | D:3      | HP: 2/56 [gnoll/+0 flail of protection (4)]
  5608 | D:5      | Entered Level 5 of the Dungeon
  5640 | D:5      | Noticed a yak
  5640 | D:5      | Noticed a yak
  5640 | D:5      | Noticed a yak
  6095 | D:6      | Reached XP level 8. HP: 55/62 MP: 0/0
  6134 | D:6      | Found Puthor's Jewellery Shoppe.
  6159 | D:6      | Reached skill level 7 in Fighting
  6425 | D:6      | Noticed kevlar127's ghost (novice TrBe)
  6426 | D:6      | Noticed a six-headed hydra
  6523 | D:6      | Reached skill level 5 in Short Blades
  6869 | D:6      | Found a runed translucent gate.
  6870 | D:6      | Found a runed translucent gate.
  6871 | D:6      | Found a runed translucent gate.
  6965 | D:7      | Noticed a shadow
  6973 | D:7      | Gained mutation: Your mind is acute. (Int +2) [potion of
                  | mutation]
  6973 | D:7      | Gained mutation: You are agile. (Dex +2) [potion of
                  | mutation]
  6973 | D:7      | Gained mutation: You are strong-willed. (Will+) [potion of
                  | mutation]
  7144 | D:6      | Slain by a steam dragon

Illustrated notes

Levels and vault maps discovered:
D:1:      mrwooster_arrival_statue_2, layout_basic, serial_forest,
          infiniplex_forest_3_way, infiniplex_forest_clump_cross,
          infiniplex_forest_clump_diagonal, infiniplex_forest_clump_small,
          infiniplex_forest_fountain, infiniplex_forest_straight_5,
          infiniplex_forest_clump_small, infiniplex_forest_3_way,
          infiniplex_forest_diagonal
D:2:      layout_loops_ring, basic_altar, shapermc_ecumenical_altar_notcrosses,
          minmay_surrounded
D:3:      layout_loops_ring, gammafunk_ghost_stat_death, serial_shops, shop,
          nrook_campfire, uniq_sigmund, uniq_grinder
D:4:      kennysheep_spiral_hall, layout_cave_pods, lemuel_temple_firewalk_b
D:5:      layout_loops_ring, kennysheep_little_box
D:6:      layout_basic, serial_shops, shop_statue, gammafunk_ghost_split,
          kennysheep_generic_room_11
D:7:      layout_layer_cave

Skill      XL: |  1  2  3  4  5  6  7  8 |
---------------+-------------------------+-----
Short Blades   | 2 3 4 5 |  5.1
Fighting       | 4 5 6 7 |  7.5
Spellcasting   | 3 4 |  4.6
Throwing       | |  0.7
Armour         | |  1.0
Dodging        | |  2.1

Action                   |  1- 3 |  4- 6 |  7- 9 || total
-------------------------+-------+-------+-------++-------
Melee: Short sword       |    91 |       |       ||    91
       Punch             |     1 |       |     4 ||     5
       Dagger            |    18 |    17 |   281 ||   316
       Rapier            |    11 |       |       ||    11
Throw: Boomerang         |     1 |       |       ||     1
       Throwing net      |       |       |     1 ||     1
 Cast: Magic Dart        |    29 |       |    70 ||    99
       Blink             |     1 |       |    10 ||    11
  Use: Scroll            |     9 |     1 |     2 ||    12
       Potion            |     2 |     1 |     5 ||     8
Armor: Leather armour    |    27 |     3 |    66 ||    96
Dodge: Dodged            |    78 |     7 |   127 ||   212

Table legend: (Time is in decaauts)
 A = Elapsed time spent in this place.
 B = Non-inter-level travel time spent in this place.
 C = Inter-level travel time spent in this place.
 D = Time resting spent in this place.
 E = Time spent auto-exploring this place.
 F = Levels seen in this place.
 G = Mean time per level.
                   A        B        C        D        E       F      G
               +--------+--------+--------+--------+--------+-----+--------+
         Total |   7117 |   6939 |    178 |   1798 |   4061 |   7 | 1016.7 |
       Dungeon |   7117 |   6939 |    178 |   1798 |   4061 |   7 | 1016.7 |
               +--------+--------+--------+--------+--------+-----+--------+

Top non-repeatable levels by time:
     D:3: 2432 daAuts
     D:1: 1594 daAuts
     D:2: 1196 daAuts
     D:6: 899 daAuts
     D:5: 504 daAuts
     D:4: 387 daAuts
     D:7: 103 daAuts
